 Dungeon Crawl Stone Soup version 0.19.0-20-gbc5f0c6 (webtiles) character file.

149 imganon the Conjurer (level 5, 0/52 HPs)
             Began as a Demonspawn Conjurer on Nov 17, 2016.
             Slain by an adder (3 damage)
             ... on level 3 of the Dungeon.
             The game lasted 00:07:03 (2645 turns).

imganon the Conjurer (Demonspawn Conjurer)          Turns: 2645, Time: 00:07:03

Health: 0/52       AC:  4    Str: 13    XL:     5   Next: 9%
Magic:  0/11       EV: 12    Int: 17    God:
Gold:   110        SH:  0    Dex: 14    Spells: 1 memorised, 11 levels left

rFire  . . .     SeeInvis .     (no weapon)
rCold  . . .     Gourm    .     a - +0 robe
rNeg   . . .     Faith    .     (no shield)
rPois  .         Spirit   .     h - +1 helmet (curse)
rElec  .         Reflect  .     (no cloak)
rCorr  .         Harm     .     (no gloves)
MR     .....     Rnd*Tele +     (no boots)
Stlth  ..........               (no amulet)
                                k - ring of teleportation (curse)
                                j - ring of stealth

@: berserking, lethally poisoned (0 -> -11), very quick
A: hooves 2, powered by pain 1
a: no special abilities


You were on level 3 of the Dungeon.
You were not hungry.

You visited 1 branch of the dungeon, and saw 3 of its levels.

You collected 110 gold pieces.

Inventory:

Hand Weapons
 g - a +2 vampiric spear
Armour
 a - a +0 robe (worn)
 h - a cursed +1 helmet (worn)
Jewellery
 j - a ring of stealth (left hand)
 k - a cursed ring of teleportation (right hand)
Scrolls
 e - a scroll of teleportation
 o - a scroll of identify
 p - a scroll of recharging
Potions
 d - a potion of might
 l - a potion of mutation {unknown}
 m - a potion of brilliance {unknown}
Books
 b - a book of Conjurations

   Spells                             Type                      Level
   a - Magic Dart                     Conjuration                  1
   b - Searing Ray                    Conjuration                  2
   c - Dazzling Spray                 Conjuration/Hexes            3
   d - Fulminant Prism                Conjuration/Hexes            4
   e - Iskenderun's Mystic Blast      Conjuration                  4
   f - Iskenderun's Battlesphere      Conjuration/Charms           5
Comestibles
 c - 3 bread rations
 f - a beef jerky
 n - a chunk of flesh
 q - a royal jelly


   Skills:
 - Level 1.7 Dodging
 - Level 1.7 Stealth
 * Level 4.2 Spellcasting
 + Level 4.9 Conjurations


You had 11 spell levels left.
You knew the following spells:

 Your Spells              Type           Power        Failure   Level  Hunger
a - Magic Dart            Conj           ###.         2%          1    None


Dungeon Overview and Level Annotations

Branches:
Dungeon (3/15)

Altars:

Portals:
Sewer: D:3


Innate Abilities, Weirdness & Mutations

You have hoof-like feet.
You sometimes gain a little power by taking damage.


Message History

The adder is moderately wounded.
* * * LOW HITPOINT WARNING * * *
You feel sick. The adder completely misses you.
Casting: Magic Dart
Confirm with . or Enter, or press ? or * to list all spells.
Aiming: Magic Dart
Press: ? - help, Shift-Dir - straight line, f/p - adder
Aim: an adder (moderately wounded)
The magic dart hits the adder.
The adder is heavily wounded.
* * * LOW HITPOINT WARNING * * *
You feel sick. The adder bites you.
* * * LOW HITPOINT WARNING * * *
Unknown command.
It was a potion of berserk rage.
A red film seems to cover your vision as you go berserk!
You feel yourself moving faster!
You feel mighty!
* * * LOW HITPOINT WARNING * * *
You feel sick. The adder bites you.
You die...

##≈≈####≈≈######
#≈≈≈≈≈≈≈≈≈≈##..#
##≈≈####≈≈##...##
#≈## ##≈##.#..#
#≈≈≈≈∩≈#≈#..##.#
#≈≈≈≈≈≈#≈#.###.#
####≈≈##≈#.# #.#
##≈≈####S≈###
#.###
.≈≈≈≈≈≈@≈≈≈#
#...# ##
##≈≈####≈≈##
###.# ##. ####
#.####.. #..##...
##.##... #.##)..
## #.##... #.#
#.##... #####..##
#.###(.


You could see an adder.

Vanquished Creatures
  A gnoll (D:1)
  5 adders
  2 worms
  3 dart slugs (D:2)
  5 leopard geckos
  3 bats
  8 giant cockroaches
  8 hobgoblins
  8 jackals
  A quokka (D:2)
  A ball python (D:3)
  3 frilled lizards
  5 goblins
  7 kobolds
  19 rats
79 creatures vanquished.

Notes
Turn   | Place    | Note
-------+----------+-------------------------------------------
     0 | D:1      | imganon the Demonspawn Conjurer began the quest for the Orb.
     0 | D:1      | Reached XP level 1. HP: 13/13 MP: 3/3
   199 | D:1      | Gained mutation: You have large cloven feet. [demonic ancestry]
   199 | D:1      | Reached XP level 2. HP: 19/19 MP: 0/5
   462 | D:1      | You fall through a shaft!
   789 | D:1      | Gained mutation: You sometimes gain a little power by taking damage. [demonic ancestry]
   789 | D:1      | Reached XP level 3. HP: 24/24 MP: 5/7
  1468 | D:2      | Reached XP level 4. HP: 17/30 MP: 0/9
  2611 | D:3      | Gained mutation: You have hoof-like feet. [demonic ancestry]
  2611 | D:3      | Reached XP level 5. HP: 35/35 MP: 4/11
  2620 | D:3      | Found a glowing drain.
  2645 | D:3      | Slain by an adder

Skill      XL: |  1  2  3  4 |
---------------+-------------+-----
Spellcasting   | 3 4 |  4.2
Dodging        | |  1.7
Stealth        | |  1.7
Conjurations   | |  4.9

Action                   |  1- 3 |  4- 6 || total
-------------------------+-------+-------++-------
Melee: Unarmed           |    28 |    67 ||    95
       Kick              |     3 |    18 ||    21
 Cast: Magic Dart        |    88 |    91 ||   179
  Use: Scroll            |     2 |     5 ||     7
       Potion            |       |     1 ||     1
  Eat: Chunk             |     2 |     4 ||     6
Armor: Robe              |    23 |    33 ||    56
Dodge: Dodged            |    55 |    71 ||   126
